 Dungeon Crawl Stone Soup version 0.27.0-1-g7a089689b8 (webtiles) character file.

Game seed: 14632444783684390405

121790 wakim the Destroyer (level 16, 0/97 HPs)
             Began as a Gargoyle Earth Elementalist on Aug 1, 2021.
             Was the Champion of Vehumet.
             Shot with a bolt by a naga sharpshooter (8 damage)
             ... on level 2 of the Snake Pit.
             The game lasted 01:39:07 (32540 turns).

wakim the Destroyer (Gargoyle Earth Elementalist)  Turns: 32540, Time: 01:39:07

Health: 0/97       AC: 31    Str: 20    XL:     16   Next: 86%
Magic:  3/28       EV: 14    Int: 30    God:    Vehumet [******]
Gold:   1474       SH:  0    Dex: 10    Spells: 5/32 levels left

rFire    + + +     SeeInvis +   b - +5 short sword "Sierch" {vorpal, rC+ rN+}
rCold    + + +     Faith    .   (no shield)
rNeg     + + .     Spirit   .   C - +6 ring mail "Forget-Me-Not" {Contam rF+++ rCorr Int+9}
rPois    ∞         Reflect  .   h - +0 helmet {SInv}
rElec    +         Harm     .   c - scarf {repulsion}
rCorr    +         Rampage  .   q - +1 pair of gloves {archery}
Will     +++..                  p - +2 pair of boots
Stlth    ++........             o - amulet of regeneration
HPRegen  1.26/turn              d - ring of protection from cold
MPRegen  0.21/turn              n - ring of the Castellan {+Blink rElec rC+ Will++ Str+6}

@: flying, repel missiles
A: sickness immunity, AC +12, big wings, negative energy resistance 1,
electricity resistance, torment resistance 1, petrification resistance
a: Renounce Religion, Evoke Blink


You were on level 2 of the Snake Pit.
You worshipped Vehumet.
Vehumet was exalted by your worship.
You visited 6 branches of the dungeon, and saw 27 of its levels.
You also visited: Ossuary and Bailey.

You collected 3200 gold pieces.
You spent 1726 gold pieces at shops.

Inventory:

Hand Weapons
 a - the +7 pair of quick blades "Gyre" and "Gimble" {protect}
   (You found it in a bailey)

   It grants its wielder temporary protection when it strikes (+7 to AC).
 b - the +5 short sword "Sierch" (weapon) {vorpal, rC+ rN+}
   (You found it on level 9 of the Dungeon)

   It inflicts extra damage upon your enemies.
   rC:        It protects you from cold.
   rN:        It protects you from negative energy.
Missiles
 e - 2 curare-tipped darts {=f}
 g - 7 throwing nets {=f!f}
Armour
 c - a scarf of repulsion (worn)
 h - a +0 helmet of see invisible (worn)
 p - a +2 pair of boots (worn)
 q - a +1 pair of gloves of archery (worn)
 A - a +2 buckler
 C - the +6 ring mail "Forget-Me-Not" (worn) {Contam rF+++ rCorr Int+9}
   (You bought it in a shop on level 9 of the Dungeon)

   Int:       It affects your intelligence (+9).
   rF:        It renders you almost immune to fire.
   Contam:    It causes magical contamination when unequipped.
   rCorr:     It protects you from acid and corrosion.
Jewellery
 d - a ring of protection from cold (left hand)
 k - a ring of wizardry
 n - the ring of the Castellan (right hand) {+Blink rElec rC+ Will++ Str+6}
   (You found it on level 10 of the Dungeon)

   [ring of strength]

   Str:       It affects your strength (+6).
   rC:        It protects you from cold.
   rElec:     It insulates you from electricity.
   +Blink:    It lets you blink.
   Will:      It greatly increases your willpower.
 o - an amulet of regeneration (around neck)
Wands
 t - a wand of digging (13)
 u - a wand of flame (40)
 w - a wand of acid (38)
 x - a wand of charming (11)
 y - a wand of paralysis (8)
Scrolls
 f - 2 scrolls of brand weapon
 i - a scroll of enchant weapon
 j - 6 scrolls of enchant armour
 m - 2 scrolls of amnesia
 r - 5 scrolls of identify
 R - 4 scrolls of magic mapping {!r}
 S - a scroll of summoning
 T - 8 scrolls of teleportation
 X - 4 scrolls of fog
 Y - a scroll of blinking {!r}
 Z - 2 scrolls of silence {!r}
Potions
 D - 6 potions of brilliance
 E - 3 potions of cancellation
 F - 10 potions of curing
 H - 2 potions of haste
 I - a potion of invisibility
 J - 2 potions of heal wounds
 K - 2 potions of magic
 N - 4 potions of might
 O - a potion of resistance
Miscellaneous
 l - a condenser vane
 v - a lightning rod (4/4)
 z - a box of beasts


   Skills:
 - Level 10.0 Fighting
 - Level 8.0 Short Blades
 - Level 6.0 Maces & Flails
 + Level 7.1 Armour
 - Level 10.0 Dodging
 - Level 4.0 Stealth
 + Level 8.6 Spellcasting
 * Level 12.8 Conjurations
 + Level 8.6 Hexes
 + Level 5.9 Summonings
 - Level 3.0 Transmutations
 + Level 6.6 Fire Magic
 + Level 0.8 Ice Magic
 * Level 11.0 Earth Magic
 + Level 7.2 Evocations


You had 5 spell levels left.
You knew the following spells:

 Your Spells              Type           Power      Damage    Failure   Level
b - Iron Shot             Conj/Erth      35%        9d7       1%          6
c - Bolt of Magma         Conj/Fire/Erth 32%        4d14      1%          5
d - Lee's Rapid Deconstr  Erth           34%        3d18*     1%          5
z - Fulminant Prism       Conj/Hex       33%        3d16      1%          4
Z - Orb of Destruction    Conj           37%        9d13      8%          7

Your spell library contained the following spells:

 Spells                   Type           Power      Damage    Failure   Level
 Ozocubu's Refrigeration  Ice            9%         4d6       100%        7
 Beastly Appendage        Tmut           60%        N/A       1%          1
 Sandblast                Erth           100%       2d20      1%          1
 Summon Small Mammal      Summ           100%       N/A       1%          1
 Ensorcelled Hibernation  Hex/Ice        82%        N/A       1%          2
 Passwall                 Tmut/Erth      44%        N/A       1%          2
 Slow                     Hex            59%        N/A       1%          2
 Call Canine Familiar     Summ           48%        N/A       1%          3
 Confusing Touch          Hex            59%        N/A       1%          3
 Stone Arrow              Conj/Erth      100%       3d13      1%          3
 Summon Guardian Golem    Hex/Summ       54%        N/A       1%          3
 Fireball                 Conj/Fire      31%        3d13      1%          5
 Iskenderun's Battlesphe  Conj           74%        2d12      1%          5
 Wereblood                Tmut           30%        N/A       2%          2
 Petrify                  Tmut/Erth      53%        N/A       3%          4
 Yara's Violent Unravell  Hex/Tmut       23%        3d10      4%          5
 Apportation              Tloc           24%        N/A       6%          1
 Spider Form              Tmut/Pois      10%        N/A       11%         3
 Borgnjor's Vile Clutch   Necr/Erth      23%        N/A       19%         5
 Animate Dead             Necr           6%         N/A       54%         4
 Alistair's Intoxication  Tmut/Pois      14%        N/A       67%         5
 Conjure Ball Lightning   Conj/Air       25%        3x3d7     17%         6
 Invisibility             Hex            29%        N/A       28%         6
 Spellforged Servitor     Conj/Summ      31%        N/A       28%         7
 Shadow Creatures         Summ           N/A        N/A       63%         6
 Death Channel            Necr           6%         N/A       100%        6


Dungeon Overview and Level Annotations

Branches:
Dungeon (15/15)            Temple (1/1) D:6            Lair (6/6) D:11
 Shoals (0/4) Lair:3        Snake (2/4) Lair:2        Slime (0/5) Lair:6
    Orc (2/2) D:9             Elf (0/3) Orc:2        Vaults (0/5) D:14
 Depths (1/5) D:15        Ossuary (visited)          Bailey (visited)

Altars:
Ashenzari
Cheibriados
Dithmenos
Elyvilon
Fedhas
Gozag
Hepliaklqana
Kikubaaqudgha
Makhleb
Nemelex Xobeh
Okawaru
Qazlal
Ru
Sif Muna
Trog
Uskayaw
Vehumet
Wu Jian
Xom
Yredelemnul
Zin
The Shining One
Beogh
Jiyva
Lugonu

Shops:
D:1 ((   D:5 =   D:8 !   D:9 [   D:12 **(*=   D:15 [   Orc:1 :   Orc:2 (:*[
Snake:1 =:=   Snake:2 (

Portals:
Hell: Depths:1
Abyss: Lair:6


Innate Abilities, Weirdness & Mutations

You are immune to sickness and miasma.
Your stone body is resilient. (AC +12)
You are immune to poison.
Your large and strong wings let you fly.
You resist negative energy. (rN+)
You are resistant to electric shocks. (rElec)
You are resistant to unholy torment.
You are immune to petrification.


Message History

The naga sharpshooter is heavily wounded.
The bolt of magma hits the naga sharpshooter!!!
The naga sharpshooter is almost dead.
The bolt of magma hits the naga sharpshooter!
The naga sharpshooter is moderately wounded.
The naga sharpshooter gestures wildly while chanting.
The naga sharpshooter casts a spell.
The naga sharpshooter magically shoots a bolt.
The bolt barely misses you.
The naga sharpshooter mumbles some strange words.
The naga sharpshooter magically shoots an arrow.
The arrow misses you.
Unknown command.
Casting: Bolt of Magma (mildly dangerous; 1% risk of failure)
Confirm with . or Enter, or press ? or * to list all spells.
Aiming: Bolt of Magma (mildly dangerous; 1% risk of failure)
Press: ? - help, Shift-Dir - straight line, f/p - naga sharpshooter
Aim: a naga sharpshooter, wielding a +0 arbalest and quivering bolts (moderately wounded, 71% to hit)
The bolt of magma hits the naga sharpshooter!!
The naga sharpshooter is almost dead.
The bolt of magma hits the naga sharpshooter!
You kill the naga sharpshooter!
Vehumet accepts your kill.
The bolt of magma hits the naga sharpshooter!!
The naga sharpshooter is severely wounded.
The naga sharpshooter casts a spell.
The naga sharpshooter magically shoots a bolt.
The bolt hits you!
* * * LOW HITPOINT WARNING * * *
The naga sharpshooter shoots a bolt.
The bolt misses you.
Casting: Bolt of Magma (mildly dangerous; 1% risk of failure)
Confirm with . or Enter, or press ? or * to list all spells.
You don't have enough magic to cast this spell.
Unknown command.
You hit the naga sharpshooter but do no damage.
The naga sharpshooter is almost dead.
The naga sharpshooter gestures wildly while chanting.
The naga sharpshooter magically shoots a bolt.
The bolt hits you!
You die...

..# #....# . #..#....
##### #.#..#...# #.((#
#........# #..(#
##.....).####.(.#
.N...)...###.#..(#
......##N##..#...#
#....##N##..#.((#
##... ##@...##∩##.#
###...####..†.......#
##.......#..##.#.#####
#.#........##...##
#..)..........##
#.....>....#.##
#..<......#.##
#............#
#...........#.#


You could see 2 naga sharpshooters.

Vanquished Creatures
  Kirke (Lair:4)
  3 stone giants
  The ghost of Anothat the Blocker, a journeyman GnFi of Hepliaklqana (Orc:1)
  4 entropy weavers (Lair:5)
  Azrael (D:12)
  3 ettins (Orc:2)
  Harold (D:10)
  A rakshasa (D:14)
  3 boulder beetles
  11 hydras
  3 catoblepae
  A naga warrior (Snake:2)
  Erica (Lair:1)
  3 ghost crabs (Lair:5)
  3 ogre magi
  12 two-headed ogres
  5 centaur warriors
  A dancing weapon (Orc:1)
  An anaconda (Snake:1)
  10 death yaks
  An orc high priest (Bailey)
  3 tengu warriors (D:15)
  3 thrashing horrors (Lair:6)
  A naga sharpshooter (Snake:2)
  6 fire crabs (Lair:5)
  Pikel (D:5)
  A necromancer (D:14)
  4 orc knights
  5 ugly things
  A wolf spider (D:15)
  2 mana vipers (Snake:1)
  3 deep elf pyromancers
  3 orc sorcerers
  11 cyclopes
  2 manticores
  2 naga magi (Snake:1)
  2 salamanders (Snake:1)
  5 elephants (Lair:3)
  A gargoyle (D:10)
  14 black mambas
  2 smoke demons (Lair:6)
  6 cane toads
  2 torpor snails
  7 rime drakes
  An unseen horror (D:13)
  A kobold demonologist (D:8)
  An efreet (D:15)
  5 komodo dragons
  2 ancient zymes (Lair:6)
  A hornet (D:9)
  A wind drake (shapeshifter) (D:13)
  2 polar bears (Lair:1)
  10 trolls
  A wind drake (Lair:3)
  9 slime creatures
  23 blink frogs
  4 wraiths
  2 shadows
  3 hogs (Lair:4)
  30 yaks
  A spriggan (Lair:6)
  A vampire (D:11)
  3 wyverns
  4 fire elementals (D:12)
  6 basilisks
  A basilisk (shapeshifter) (Lair:6)
  3 steam dragons
  10 vampire mosquitoes
  2 chaos spawn (Lair:6)
  Menkaure (D:7)
  4 wargs
  Edmund (D:4)
  6 acid dragons
  5 nagas
  14 two-headed ogre zombies (Orc:1)
  15 water moccasins
  2 hell hounds (D:12)
  A large abomination (Lair:6)
  An ice beast (shapeshifter) (Lair:6)
  A black bear (D:7)
  A necrophage (D:5)
  24 orc warriors
  3 hornet zombies (Ossuary)
  A swamp drake (Lair:5)
  3 sky beasts
  14 ogres
  52 wolves
  10 centaurs
  3 lemures (D:4)
  A phantom (D:7)
  3 kobold brigands
  3 wyvern zombies
  8 bullfrogs
  2 scorpions
  3 water moccasin zombies
  A water moccasin skeleton (D:5)
  7 small abominations (Lair:6)
  14 killer bees
  6 electric eels
  6 wights (D:8)
  5 howler monkeys
  4 centaur zombies
  4 bullfrog zombies
  2 hounds (D:5)
  6 jellies
  A gnoll shaman (D:3)
  14 orc priests
  A bullfrog skeleton (D:6)
  6 iguanas
  26 orc wizards
  2 killer bee zombies
  An ogre zombie (Orc:1)
  2 hound skeletons
  14 mummies
  3 howler monkey zombies
  7 adders
  15 gnolls
  2 worms
  72 orcs
  4 ball pythons
  3 bats
  7 endoplasms
  2 giant cockroaches
  18 goblins
  11 hobgoblins
  10 jackals
  4 quokkas
  3 training dummies (Snake:2)
  3 frilled lizards (D:1)
  A hobgoblin zombie (D:6)
  19 kobolds
  A kobold zombie (D:6)
  5 rats
778 creatures vanquished.

Vanquished Creatures (others)
  An apocalypse crab (Lair:5)
  A human (Lair:4)
  44 fulminant prisms
  39 fungi
  17 plants
  7 withered plants (Ossuary)
109 creatures vanquished.

Grand Total: 887 creatures vanquished

Notes
Turn   | Place    | Note
-------+----------+-------------------------------------------
     0 | D:1      | wakim the Gargoyle Earth Elementalist began the quest for
                  | the Orb.
     0 | D:1      | Reached XP level 1. HP: 10/10 MP: 3/3
    26 | D:1      | Found a faded altar of an unknown god.
   508 | D:1      | Reached XP level 2. HP: 13/15 MP: 5/5
   788 | D:1      | Found Kexooler's Weapon Shoppe.
  1365 | D:1      | Reached XP level 3. HP: 8/19 MP: 1/6
  1562 | D:1      | Found Duvempud's Weapon Boutique.
  1851 | D:1      | Learned a level 3 spell: Stone Arrow
  2017 | D:2      | Reached XP level 4. HP: 16/24 MP: 0/7
  2250 | D:2      | Reached skill level 1 in Conjurations
  4063 | D:4      | Reached XP level 5. HP: 28/28 MP: 5/9
  4266 | D:3      | Reached skill level 2 in Conjurations
  4266 | D:3      | Reached skill level 1 in Transmutations
  4266 | D:3      | Reached skill level 5 in Earth Magic
  4477 | D:4      | Reached XP level 6. HP: 32/32 MP: 6/10
  4556 | D:4      | Found a glowing golden altar of the Shining One.
  4560 | D:4      | Found a sparkling altar of Nemelex Xobeh.
  4906 | D:4      | Reached skill level 3 in Conjurations
  5318 | D:5      | Entered Level 5 of the Dungeon
  5433 | D:5      | Noticed a necrophage
  5444 | D:5      | Killed a necrophage
  5445 | D:5      | Reached skill level 4 in Conjurations
  5445 | D:5      | Reached XP level 7. HP: 36/36 MP: 1/11
  5586 | D:5      | Noticed Edmund
  5809 | D:4      | Killed Edmund
  6156 | D:4      | Reached skill level 5 in Conjurations
  6187 | D:5      | Noticed Pikel
  6205 | D:5      | Killed Pikel
  6206 | D:5      | Reached skill level 6 in Conjurations
  6206 | D:5      | Reached skill level 1 in Maces & Flails
  6206 | D:5      | Reached XP level 8. HP: 44/44 MP: 3/14
  6566 | D:5      | Found Ruus's Jewellery Shoppe.
  7001 | D:5      | Reached XP level 9. HP: 52/52 MP: 8/15
  7419 | D:6      | Found a staircase to the Ecumenical Temple.
  7428 | Temple   | Entered the Ecumenical Temple
  7448 | Temple   | Became a worshipper of Vehumet
  7551 | D:6      | Found a sand-covered staircase.
  7576 | Ossuary  | Entered an ossuary
  7611 | Ossuary  | Reached skill level 5 in Fighting
  7840 | Ossuary  | Reached skill level 5 in Maces & Flails
  7844 | Ossuary  | Reached * piety under Vehumet
  7844 | Ossuary  | Offered knowledge of Shock by Vehumet.
  8323 | Ossuary  | Reached skill level 5 in Dodging
  8718 | D:6      | Reached XP level 10. HP: 60/60 MP: 11/16
  9263 | D:7      | Noticed Menkaure
  9269 | D:7      | Killed Menkaure
  9629 | D:7      | Reached skill level 1 in Evocations
 10162 | D:7      | Reached ** piety under Vehumet
 10344 | D:8      | Noticed a kobold demonologist
 10349 | D:8      | Noticed an orange demon
 10387 | D:8      | Found Etyarphoreu's Distillery.
 10459 | D:8      | Offered knowledge of Freeze by Vehumet.
 10483 | D:8      | Found a shimmering blue altar of Sif Muna.
 10495 | D:8      | Reached skill level 7 in Conjurations
 10591 | D:8      | Killed a kobold demonologist
 10603 | D:8      | Found a viscous altar of Jiyva.
 10642 | D:8      | Found a flagged portal.
 10703 | Bailey   | Entered a bailey
 10836 | Bailey   | Found an iron altar of Okawaru.
 10836 | Bailey   | Noticed an orc high priest
 10836 | Bailey   | Noticed an orc sorcerer
 10837 | Bailey   | Noticed a soul eater
 10854 | Bailey   | Killed an orc sorcerer
 10860 | Bailey   | Noticed a sixfirhy
 10866 | Bailey   | Killed an orc high priest
 10867 | Bailey   | Reached skill level 5 in Spellcasting
 10867 | Bailey   | Reached skill level 8 in Conjurations
 11069 | Bailey   | Noticed an orc knight
 11173 | Bailey   | Offered knowledge of Conjure Flame by Vehumet.
 11183 | Bailey   | Reached XP level 11. HP: 46/64 MP: 18/18
 11205 | Bailey   | Reached *** piety under Vehumet
 11235 | Bailey   | Found the +7 pair of quick blades "Gyre" and "Gimble"
                  | {protect}
 11352 | Bailey   | Noticed an orc knight
 11379 | Bailey   | Acquired a book of Power
 11388 | Bailey   | Learned a level 6 spell: Iron Shot
 11449 | Bailey   | Killed an orc knight
 11450 | Bailey   | Reached skill level 1 in Short Blades
 11631 | Bailey   | Killed an orc knight
 11819 | D:8      | Offered knowledge of Iskenderun's Mystic Blast by Vehumet.
 12209 | D:8      | Found a blossoming altar of Fedhas.
 12209 | D:8      | Found a white marble altar of Elyvilon.
 12353 | D:9      | Reached skill level 9 in Conjurations
 12356 | D:9      | Found a staircase to the Orcish Mines.
 12356 | D:9      | Found Zigat's Armour Boutique.
 12395 | D:9      | Bought a +0 helmet of see invisible for 149 gold pieces
 12745 | D:9      | Identified the +5 short sword "Sierch" {vorpal, rC+ rN+}
 12762 | D:9      | Found a sacrificial altar of Ru.
 13013 | D:9      | Reached **** piety under Vehumet
 13185 | D:10     | Entered Level 10 of the Dungeon
 13259 | D:10     | Noticed Harold
 13317 | D:10     | Killed Harold
 13455 | D:10     | Offered knowledge of Fulminant Prism by Vehumet.
 13575 | D:10     | Identified the ring of the Castellan {+Blink rElec rC+
                  | Will++ Str+6}
 13620 | D:10     | Learned a level 4 spell: Fulminant Prism
 13656 | D:10     | Noticed a boulder beetle
 13662 | D:10     | Noticed a cyclops
 13954 | D:10     | Killed a cyclops
 14103 | D:10     | Reached skill level 1 in Hexes
 14401 | D:11     | Noticed a two-headed ogre
 14413 | D:11     | Reached skill level 10 in Conjurations
 14427 | D:11     | HP: 2/64 [centaur/arrow (10)]
 14501 | D:10     | Reached XP level 12. HP: 59/70 MP: 21/21
 14583 | D:10     | Killed a boulder beetle
 14967 | D:11     | Found a staircase to the Lair.
 14992 | D:11     | Reached skill level 5 in Short Blades
 15036 | D:11     | Reached ***** piety under Vehumet
 15387 | D:11     | Killed a two-headed ogre
 15571 | Lair:1   | Entered Level 1 of the Lair of Beasts
 15584 | Lair:1   | Reached skill level 5 in Evocations
 15584 | Lair:1   | Noticed a four-headed hydra
 15589 | Lair:1   | Noticed Erica
 15682 | D:11     | Killed a four-headed hydra
 15683 | D:11     | Reached skill level 10 in Earth Magic
 15809 | Lair:1   | Killed Erica
 15998 | Lair:1   | Offered knowledge of Bolt of Magma by Vehumet.
 16711 | Lair:2   | Found a staircase to the Snake Pit.
 17133 | Lair:2   | Noticed a six-headed hydra
 17147 | Lair:2   | Killed a six-headed hydra
 17150 | Lair:2   | Reached XP level 13. HP: 55/74 MP: 14/22
 17178 | Lair:2   | Reached skill level 5 in Hexes
 17759 | Lair:2   | Learned a level 5 spell: Bolt of Magma
 17862 | Lair:3   | Found a staircase to the Shoals.
 18028 | Lair:3   | Acquired a book of the Spheres
 18079 | Lair:3   | Reached skill level 1 in Fire Magic
 18168 | Lair:3   | Reached skill level 1 in Summonings
 18821 | Lair:4   | Noticed Kirke
 18857 | Lair:4   | Killed Kirke
 19185 | Lair:4   | Acquired 783 gold pieces
 19376 | D:9      | Bought the +6 ring mail "Forget-Me-Not" {Contam rF+++ rCorr
                  | Int+9} for 1233 gold pieces
 19573 | Lair:4   | Reached skill level 1 in Armour
 19710 | Lair:4   | Offered knowledge of Airstrike by Vehumet.
 19779 | Lair:4   | Gained mutation: Your large and strong wings let you fly.
                  | [Gargoyle growth]
 19779 | Lair:4   | Reached XP level 14. HP: 83/83 MP: 23/23
 20799 | Lair:5   | Found a runed translucent door.
 21384 | Lair:5   | Noticed an entropy weaver
 21398 | Lair:5   | Killed an entropy weaver
 21542 | Lair:5   | Noticed an entropy weaver
 21552 | Lair:5   | Killed an entropy weaver
 21693 | Lair:5   | Noticed an entropy weaver
 21711 | Lair:5   | Killed an entropy weaver
 21812 | Lair:5   | Noticed an entropy weaver
 21827 | Lair:5   | Killed an entropy weaver
 21928 | Lair:5   | Identified the +0 scale mail of Etavvu {Int+2}
 22045 | Lair:6   | Entered Level 6 of the Lair of Beasts
 22276 | Lair:5   | Offered knowledge of Lightning Bolt by Vehumet.
 22277 | Lair:5   | Reached skill level 11 in Conjurations
 22278 | Lair:5   | Reached skill level 5 in Armour
 22772 | Lair:6   | Reached XP level 15. HP: 71/90 MP: 19/26
 23802 | Lair:6   | Found a corrupted altar of Lugonu.
 23802 | Lair:6   | Found a one-way gate to the infinite horrors of the Abyss.
 23906 | Lair:6   | Found a viscous altar of Jiyva.
 23907 | Lair:6   | Found a staircase to the Slime Pits.
 24105 | Orc:1    | Entered Level 1 of the Orcish Mines
 24105 | Orc:1    | Found a runed translucent door.
 24105 | Orc:1    | Found a shimmering altar of Xom.
 24105 | Orc:1    | Noticed Anothat's ghost (journeyman GnFi)
 24267 | Orc:1    | Found Adib's Book Emporium.
 24447 | Orc:1    | Killed Anothat's ghost
 24448 | Orc:1    | Reached skill level 10 in Fighting
 24448 | Orc:1    | Reached skill level 5 in Fire Magic
 24614 | Orc:1    | Offered knowledge of Lee's Rapid Deconstruction by Vehumet.
 24756 | Orc:2    | Entered Level 2 of the Orcish Mines
 24937 | Orc:2    | Found Zuakugiw's General Store.
 24962 | Orc:2    | Reached ****** piety under Vehumet
 25007 | Orc:2    | Found Vucsomp's Book Shoppe.
 25273 | Orc:2    | Found Coetayrror's Antique Armour Emporium.
 25279 | Orc:2    | Found a staircase to the Elven Halls.
 25440 | Orc:2    | Learned a level 5 spell: Lee's Rapid Deconstruction
 25487 | Orc:2    | Found Atwuet's Antique Weapon Boutique.
 25957 | Orc:1    | Learned a level 7 spell: Orb of Destruction
 26460 | D:12     | Reached skill level 5 in Summonings
 26722 | D:12     | Found Qup Dam's Assorted Antiques.
 26779 | D:12     | Found Motorei's General Store.
 27015 | D:12     | Found Fuhokha's General Store.
 27074 | D:12     | Found Zejaot's Jewellery Boutique.
 27107 | D:12     | Found Nayboyrr's Antique Weapon Shoppe.
 27150 | D:12     | Noticed Azrael
 27234 | D:12     | Killed Azrael
 27235 | D:12     | Reached skill level 12 in Conjurations
 27655 | D:13     | Reached XP level 16. HP: 97/97 MP: 28/28
 27857 | D:13     | Offered knowledge of Starburst by Vehumet.
 28211 | D:13     | Found a glowing golden altar of the Shining One.
 29109 | D:14     | Found a gate to the Vaults.
 29155 | D:15     | Entered Level 15 of the Dungeon
 29421 | D:15     | Found Vuakawk's Antique Armour Boutique.
 29470 | D:15     | Bought a pair of runed boots for 172 gold pieces
 29470 | D:15     | Bought a pair of runed gloves for 172 gold pieces
 30813 | D:15     | Found a staircase to the Depths.
 30925 | D:15     | Found a faded altar of an unknown god.
 30925 | D:15     | Found a hazy altar of Hepliaklqana.
 30927 | D:15     | Found a faded altar of an unknown god.
 30927 | D:15     | Found a faded altar of an unknown god.
 30980 | Depths:1 | Entered Level 1 of the Depths
 30980 | Depths:1 | Found a gateway to Hell.
 31388 | Snake:1  | Entered Level 1 of the Snake Pit
 31540 | Snake:1  | Offered knowledge of Ozocubu's Refrigeration by Vehumet.
 32051 | Snake:1  | Found Lagin's Jewellery Shoppe.
 32051 | Snake:1  | Found Doga's Book Shop.
 32052 | Snake:1  | Found Raffista's Jewellery Shoppe.
 32466 | Snake:2  | Found Hatabb's Firing Range.
 32506 | Snake:2  | Reached skill level 10 in Dodging
 32540 | Snake:2  | Shot with a bolt by a naga sharpshooter

Illustrated notes

Levels and vault maps discovered:
D:1:      psy_arrival_terrarium, layout_rooms, serial_shops, shop_fountains,
          nicolae_shop_competitors_out_of_business,
          hellmonk_ecumenical_altar_zigzags
D:2:      layout_basic, grunt_ministairs_15
D:3:      layout_basic
D:4:      layout_basic, grunt_temple_overflow_open, nrook_uturn
D:5:      layout_basic, serial_shops, shop, minmay_misc_feat_tiny,
          grunt_ministairs_5, corner_web_ring, uniq_pikel, uniq_edmund
D:6:      layout_cave_pools, minmay_temple_entry_wispy,
          nicolae_ossuary_entry_giza
D:7:      layout_cave_pools, kennysheep_cluttered_room, uniq_menkaure
D:8:      layout_gridville, gammafunk_temple_overflow_pools,
          mainiacjoe_overflow_cross_hatched, enter_bailey_5, serial_shops, shop,
          jiyva_altar_1
D:9:      layout_irregular_city, lemuel_tele_altar, orc_david_3
D:10:     layout_cave_pools, statue_in_the_mist_lemuel,
          minmay_mirror_moons_of_madness, uniq_harold
D:11:     layout_basic, erik_lair_orcish_takeover
D:12:     layout_irregular_city, serial_shops, shop, nicolae_diamond_shop, shop,
          nicolae_shop_behind_doors, shop, uniq_azrael
D:13:     layout_roguey, minivault_24, nicolae_tso_swordbearing_angel
D:14:     layout_cave_pools, david_vaults_1, hangedman_decor_push
D:15:     grunt_enter_depths_snipers, layout_basic,
          nicolae_hepliaklqana_ecumenical_no_more, serial_shops, shop_coins
Temple:   lightli_temple_of_artemis
Lair:1:   layout_regular_city, serial_bayou_shore_b, infiniplex_staircase_pool,
          uniq_erica
Lair:2:   layout_cave_pods, minmay_snake_entry_six_corridors,
          serial_bayou_lagoon_a
Lair:3:   layout_gridlike, minmay_shoals_entry_beasts, grunt_megastairs_5
Lair:4:   layout_gridlike, grunt_forest_large_clearings, uniq_kirke
Lair:5:   gammafunk_mikee_crab_dinner, layout_regular_city, st_stairs_12,
          guppyfry_lair_drakes, serial_bayou_shore_a,
          infiniplex_staircase_pool_2
Lair:6:   hellmonk_lair_end_abyssal_woods, layout_big_grid,
          dpeg_slime_entry_enclosed_altar, nicolae_quartered_pool_little
Snake:1:  layout_misc_corridors, st_stairs_3, lemuel_fruit_tree,
          serial_bayou_shore_b, minmay_shop_grove
Snake:2:  layout_onion_interference, nicolae_shop_firing_range,
          grunt_megastairs_4
Orc:1:    lemuel_ogre_cave, layout_caves, serial_shops, shop_fountains,
          basic_altar, ebering_ghost_xom
Orc:2:    grunt_orc_gardens, layout_caves, grunt_orc_garden, grunt_orc_garden,
          grunt_orc_garden, grunt_orc_garden, lemuel_statue_altar,
          minmay_orc_temple_a
Depths:1: layout_gridlike, grunt_pan_entry_in_and_out, glass_columns_a,
          hell_entry, wheals_unrand_guarded_autumn_katana

Skill      XL: |  1  2  3  4  5  6  7  8  9 10 11 12 13 14 15 16 |
---------------+-------------------------------------------------+-----
Earth Magic    | 4 5 6 7 9 10 11 | 11.0
Stealth        | 3 4 |  4.0
Conjurations   | 1 2 4 6 8 10 11 12 | 12.8
Transmutations | 1 3 |  3.0
Spellcasting   | 3 4 5 6 7 8 |  8.6
Fighting       | 2 3 6 7 9 10 | 10.0
Maces & Flails | 1 3 5 6 |  6.0
Dodging        | 2 3 5 6 7 8 9 10 | 10.0
Evocations     | 3 4 6 7 |  7.2
Short Blades   | 4 7 8 |  8.0
Hexes          | 1 4 6 7 8 |  8.6
Fire Magic     | 2 4 5 6 |  6.6
Summonings     | 2 4 5 |  5.9
Armour         | 1 5 6 7 |  7.1
Ice Magic      | |  0.8

Action                   |  1- 3 |  4- 6 |  7- 9 | 10-12 | 13-15 | 16-18 || total
-------------------------+-------+-------+-------+-------+-------+-------++-------
Melee: Whip              |   102 |   100 |       |       |       |       ||   202
       Unarmed           |     4 |       |       |       |       |       ||     4
       Flail             |       |    22 |   327 |   156 |       |       ||   505
       Pair of quick bla |       |       |       |   519 |  1225 |   151 ||  1895
       Short sword       |       |       |       |       |       |   163 ||   163
 Cast: Sandblast         |    19 |    19 |    23 |     7 |     3 |       ||    71
       Stone Arrow       |       |    22 |    70 |   106 |    70 |       ||   268
       Iron Shot         |       |       |       |     6 |    22 |    10 ||    38
       Fulminant Prism   |       |       |       |    12 |    26 |     6 ||    44
       Bolt of Magma     |       |       |       |       |    58 |    44 ||   102
       Lee's Rapid Decon |       |       |       |       |     3 |    18 ||    21
       Orb of Destructio |       |       |       |       |     3 |    14 ||    17
Evoke: Wand              |       |       |       |     6 |     2 |       ||     8
       Lightning rod     |       |       |       |     2 |     4 |       ||     6
  Use: Scroll            |     2 |    11 |     6 |    10 |     8 |     1 ||    38
       Potion            |       |       |       |     4 |     1 |       ||     5
 Stab: Sleeping          |     4 |     3 |     2 |     2 |     3 |       ||    14
       Distracted        |       |       |     1 |       |     2 |       ||     3
Armor: Robe              |    34 |    62 |   201 |   199 |       |       ||   496
       Steam dragon scal |       |       |       |   116 |    90 |       ||   206
       Ring mail         |       |       |       |       |   414 |   181 ||   595
Dodge: Dodged            |    76 |    97 |   291 |   427 |   449 |   211 ||  1551
       Repelled          |       |       |       |       |     5 |     6 ||    11
